Map: Ephemeron LE

Players

Silky - Winner!

  • Race: Zerg Zerg
  • Spawn Location: 11:00

Dolan

  • Race: Terran Terran
  • Spawn Location: 5:00

VOD

Have the link to the VOD?

Description

Time

  • Played on: Sept. 6, 2019, 8:21 p.m.
  • Length: 21:29
Show
View Real Time Build Order
Export as new Build Order

Silky Zerg - Winner!

Build Orders: Pool First, Brood Lord Corruptor 

Get SALT Encoding   

  12  0:00  Drone  
  13  0:12  Overlord  
  13  0:17  Drone  
  14  0:31  Drone x2  
  14  0:34  Drone  
  17  0:45  Extractor, Drone  
  17  0:49  Spawning Pool  
  16  0:56  Drone  
  17  1:07  Drone  
  18  1:17  Hatchery  
  17  1:29  Drone  
  18  1:36  Queen, Zergling x2  
  21  1:46  Overlord  
  21  1:50  Metabolic Boost  
  21  1:54  Drone  
  22  2:05  Drone  
  23  2:11  Drone  
  23  2:12  Queen  
  26  2:24  Drone  
  26  2:29  Queen  
  29  2:30  Drone  
  29  2:33  Drone  
  31  2:45  Hatchery  
  31  2:50  Drone x2  
  32  2:55  Overlord  
  32  2:58  Drone  
  32  3:00  Drone  
  32  3:05  Drone  
  35  3:09  Drone  
  35  3:14  Drone  
  35  3:15  Drone x2  
  35  3:16  Pneumatized Carapace  
  38  3:22  Drone  
  38  3:25  Drone x2  
  38  3:27  Overlord  
  41  3:33  Zergling x2  
  42  3:39  Drone x2  
  44  3:42  Overlord  
  44  3:46  Drone  
  45  3:52  Drone  
  45  3:53  Lair  
  47  3:55  Roach Warren, Drone x2  
  47  3:56  Drone x2  
  49  4:04  Overlord  
  49  4:12  Drone x5  
  54  4:19  Drone x2  
  54  4:23  Drone x2  
  54  4:24  Drone x2  
  60  4:28  Queen  
  60  4:29  Queen  
  64  4:32  Extractor  
  64  4:33  Extractor  
  64  4:34  Drone x5  
  67  4:44  Hatchery  
  66  4:46  Overlord  
  66  4:47  Drone x2  
  66  4:52  Overlord  
  68  4:54  Overseer  
  68  4:59  Extractor  
  67  5:00  Overlord  
  67  5:01  Extractor  
  67  5:02  Glial Reconstitution  
  67  5:05  Evolution Chamber  
  65  5:07  Drone x7  
  65  5:09  Evolution Chamber  
  71  5:18  Extractor, Spire, Drone x4  
  73  5:25  Drone  
  73  5:28  Drone x4  
  77  5:35  Overlord  
  78  5:36  Overlord  
  78  5:37  Drone  
  79  5:43  Drone  
  79  5:44  Zerg Missile Weapons Level 1  
  79  5:45  Zerg Melee Weapons Level 1  
  79  5:47  Overlord  
  79  5:48  Drone  
  81  5:55  Overlord  
  81  5:56  Drone x4  
  85  5:59  Extractor  
  85  6:01  Spore Crawler  
  85  6:02  Spore Crawler, Drone  
  85  6:03  Extractor, Drone  
  83  6:04  Spore Crawler, Drone  
  83  6:06  Drone x3  
  83  6:09  Overlord  
  86  6:25  Overlord  
  86  6:31  Zerg Flyer Armor Level 1  
  86  6:32  Corruptor x7  
  88  6:37  Corruptor  
  102  6:40  Corruptor  
  104  6:49  Drone  
  104  6:50  Drone  
  104  6:51  Spore Crawler, Drone  
  104  6:52  Spore Crawler  
  104  6:53  Spore Crawler, Drone x2  
  104  6:54  Drone x4  
  110  6:55  Spore Crawler  
  110  6:59  Drone  
  110  7:00  Drone  
  111  7:01  Infestation Pit  
  111  7:02  Overseer  
  111  7:04  Baneling Nest  
  111  7:06  Corruptor  
  111  7:11  Corruptor x2  
  115  7:19  Overlord  
  114  7:25  Spore Crawler  
  114  7:26  Spore Crawler  
  114  7:38  Hive  
  114  7:39  Pathogen Glands  
  114  7:40  Zergling x34, Roach  
  133  7:45  Overlord  
  133  7:48  Drone x3  
  133  7:50  Zerg Melee Weapons Level 2, Zerg Missile Weapons Level 2  
  136  7:58  Hatchery  
  135  8:09  Overlord  
  135  8:12  Zergling x2, Roach  
  138  8:13  Zergling x4, Roach x6  
  138  8:16  Overlord x2  
  138  8:18  Overlord x2  
  152  8:25  Overseer  
  152  8:31  Baneling x11  
  152  8:46  Spire  
  152  8:47  Drone x2  
  152  8:48  Spore Crawler x2  
  151  8:53  Adrenal Glands  
  151  8:54  Greater Spire  
  150  8:59  Ravager x4  
  150  9:00  Ravager  
  150  9:02  Infestor x3  
  161  9:13  Overseer  
  161  9:17  Neural Parasite  
  161  9:23  Centrifical Hooks  
  156  9:55  Queen  
  157  10:01  Zerg Flyer Armor Level 2, Spine Crawler  
  157  10:03  Spine Crawler x2  
  152  10:08  Brood Lord x6  
  152  10:12  Extractor, Drone x5  
  152  10:13  Overlord x5, Extractor  
  167  10:18  Overseer  
  167  10:20  Overlord  
  164  10:25  Zerg Flyer Weapons Level 1  
  164  10:32  Brood Lord x2, Overlord  
  165  10:41  Overlord  
  165  10:43  Brood Lord  
  165  10:44  Brood Lord  
  165  10:45  Brood Lord  
  171  10:54  Drone x2  
  171  10:55  Drone x2  
  175  11:00  Zerg Melee Weapons Level 3  
  175  11:02  Zerg Ground Armor Level 1  
  175  11:09  Hatchery  
  174  11:16  Drone x2  
  174  11:17  Drone x3  
  178  11:21  Corruptor x5  
  167  11:33  Overlord  
  167  11:36  Burrow  
  167  11:38  Viper  
  170  11:43  Brood Lord  
  170  11:44  Infestor  
  174  11:48  Roach x3  
  174  11:50  Extractor  
  174  11:53  Extractor  
  176  11:55  Hatchery, Drone x4  
  176  11:58  Spine Crawler x2  
  176  11:59  Spine Crawler  
  176  12:01  Viper  
  166  12:03  Roach  
  166  12:04  Zergling x30, Roach x6  
  198  12:11  Drone  
  198  12:13  Spine Crawler  
  198  12:14  Spine Crawler  
  197  12:15  Spine Crawler  
  197  12:16  Infestor x2  
  200  12:29  Zerg Flyer Armor Level 3  
  200  12:31  Zerg Flyer Weapons Level 2  
  200  12:53  Baneling x3  
  200  12:56  Drone  
  195  12:59  Brood Lord  
  195  13:00  Brood Lord  
  199  13:07  Overseer  
  195  13:15  Zergling x8  
  199  13:20  Zerg Ground Armor Level 2  
  198  13:31  Brood Lord  
  200  13:37  Drone  
  200  13:38  Zerg Missile Weapons Level 3  
  199  13:41  Drone  
  199  13:48  Drone x3  
  199  13:49  Drone x2  
  199  13:56  Overseer  
  199  13:58  Overseer  
  199  13:59  Overseer  
  199  14:02  Spine Crawler  
  198  14:04  Spine Crawler  
  198  14:05  Spine Crawler  
  198  14:07  Baneling x10  
  196  14:13  Corruptor  
  198  14:32  Spore Crawler  
  198  14:33  Spore Crawler  
  198  14:35  Spore Crawler x2  
  194  14:41  Drone x3  
  194  14:42  Drone  
  175  14:57  Spore Crawler  
  175  14:58  Spore Crawler  
  141  15:03  Corruptor x2  
  141  15:04  Corruptor x10  
  141  15:05  Corruptor  
  140  15:09  Roach x7  
  140  15:12  Roach  
  140  15:14  Baneling  
  132  15:22  Overlord x3  
  132  15:24  Infestor x6  
  137  15:46  Brood Lord  
  137  15:47  Brood Lord x9  
  137  15:48  Brood Lord  
  157  15:50  Viper x2  
  159  16:00  Drone x3  
  159  16:03  Brood Lord x2  
  159  16:04  Corruptor x3  
  165  16:11  Roach x10  
  177  16:16  Extractor  
  190  16:20  Extractor  
  189  16:35  Hatchery  
  189  16:39  Zergling x12  
  199  16:52  Ravager x5  
  199  17:08  Ravager x3  
  195  17:32  Brood Lord x2  
  191  17:45  Corruptor  
  191  17:46  Corruptor x3  
  191  17:49  Drone x3  
  191  17:50  Spine Crawler  
  198  17:52  Spine Crawler  
  191  18:01  Brood Lord  
  193  18:06  Corruptor x3  
  196  18:26  Corruptor x3  
  196  18:54  Viper x3  
  196  18:55  Viper  
  200  18:59  Overlord  
  198  19:12  Evolution Chamber  
  197  19:24  Brood Lord  
  199  19:26  Evolution Chamber  
  199  19:27  Evolution Chamber  
  199  19:29  Evolution Chamber  
  196  19:35  Extractor  
  196  19:37  Extractor  
  192  19:50  Roach x3  
  192  19:51  Roach x3  
  200  19:55  Extractor  
  197  20:01  Spine Crawler  
  197  20:02  Spine Crawler  
  197  20:03  Spine Crawler x2  
  193  20:10  Drone  
  193  20:11  Drone x6  
  197  20:16  Drone  
  197  20:18  Drone  
  193  20:43  Infestor x3  
  199  21:17  Hatchery  
Show
View Real Time Build Order
Export as new Build Order

Dolan Terran 

Build Orders: Mech 

Get SALT Encoding   

  12  0:00  SCV  
  13  0:13  SCV  
  14  0:19  Supply Depot  
  14  0:25  SCV  
  15  0:41  SCV  
  15  0:42  Barracks  
  16  0:53  SCV  
  17  1:05  SCV  
  18  1:17  SCV  
  19  1:28  Marine  
  19  1:29  Orbital Command  
  19  1:30  Command Center  
  20  1:46  Marine  
  21  1:47  Supply Depot  
  21  1:54  SCV  
  22  2:04  Marine  
  23  2:09  Bunker  
  23  2:12  SCV  
  24  2:19  Command Center  
  24  2:24  SCV  
  24  2:26  Refinery  
  24  2:29  Refinery  
  25  2:31  Marine  
  25  2:37  SCV  
  27  2:42  Orbital Command  
  27  2:51  SCV  
  27  3:01  Refinery  
  27  3:02  Refinery  
  27  3:03  SCV  
  28  3:08  SCV  
  29  3:15  SCV  
  30  3:20  SCV  
  31  3:27  SCV  
  31  3:33  SCV, Orbital Command  
  33  3:35  Factory  
  33  3:39  SCV  
  34  3:45  SCV  
  35  3:52  SCV  
  36  3:57  SCV  
  36  3:59  SCV  
  38  4:04  SCV  
  38  4:09  SCV  
  40  4:15  SCV  
  41  4:19  Factory Tech Lab  
  41  4:24  Starport  
  41  4:27  Starport  
  41  4:30  SCV x3  
  44  4:33  Supply Depot  
  44  4:39  Siege Tank, Starport  
  47  4:49  SCV  
  47  4:50  SCV x2  
  50  5:01  SCV  
  50  5:02  SCV x2  
  50  5:03  Fusion Core  
  50  5:04  Starport Tech Lab  
  55  5:09  Supply Depot  
  55  5:13  SCV  
  56  5:18  Starport Tech Lab  
  56  5:25  Cloaking Field, Banshee, Starport Tech Lab  
  56  5:28  SCV x3  
  60  5:30  Siege Tank  
  63  5:38  Factory  
  63  5:39  Factory  
  63  5:40  SCV x3  
  63  5:42  Banshee  
  69  5:46  Banshee  
  72  5:52  SCV x2  
  74  6:08  Refinery  
  74  6:11  Refinery, Engineering Bay  
  74  6:14  Supply Depot x2  
  77  6:19  Supply Depot  
  77  6:20  Supply Depot  
  77  6:30  Cyclone, SCV x2  
  85  6:38  Supply Depot  
  88  6:40  Supply Depot  
  88  6:42  Factory Tech Lab, Factory Reactor  
  88  6:44  Orbital Command  
  88  6:51  Banshee  
  82  6:57  SCV x2  
  82  7:00  Factory Reactor  
  82  7:01  Factory  
  84  7:04  Mag-Field Accelerator, Starport Reactor, Cyclone, Factory  
  84  7:07  Armory x2  
  87  7:09  Starport Reactor, SCV x2  
  87  7:10  Command Center  
  89  7:21  SCV  
  89  7:22  Supply Depot  
  90  7:24  Supply Depot  
  90  7:25  Supply Depot  
  82  7:30  SCV x2  
  82  7:33  SCV  
  84  7:42  Cyclone, Hellion x4  
  95  7:44  SCV x2  
  95  7:45  SCV  
  98  7:51  Sensor Tower  
  98  7:56  SCV x2  
  98  7:57  SCV  
  98  7:58  Terran Vehicle And Ship Armor Level 1, Terran Vehicle Weapons Level 1  
  101  8:00  Hellion x2  
  101  8:02  Infernal Pre-Igniter  
  105  8:08  SCV x2  
  105  8:09  SCV  
  105  8:22  Liberator  
  105  8:24  Thor x2  
  105  8:25  Hellion x4  
  105  8:26  Liberator  
  137  8:55  Hellion x4  
  142  9:00  Supply Depot, Refinery  
  142  9:01  Supply Depot, Refinery  
  142  9:07  Siege Tank x2  
  148  9:15  Sensor Tower  
  148  9:16  Hellion x2  
  148  9:17  Hellion x2  
  153  9:26  Liberator  
  153  9:27  Liberator x2  
  153  9:30  SCV x3  
  150  9:34  Command Center  
  150  9:36  Command Center  
  149  9:39  Hellion x4  
  149  9:42  SCV x2  
  168  9:52  SCV  
  169  9:54  SCV x2  
  171  10:15  Planetary Fortress  
  171  10:21  Thor x2  
  181  10:22  Liberator x4, Missile Turret  
  181  10:23  Sensor Tower, Missile Turret  
  181  10:24  Command Center  
  181  10:26  Missile Turret  
  181  10:27  Missile Turret  
  187  10:43  Hellion x3  
  187  10:47  Factory Tech Lab  
  193  10:50  Missile Turret  
  193  10:52  SCV x3  
  193  10:53  SCV  
  197  11:04  SCV  
  190  11:37  Thor x3  
  190  11:39  Planetary Fortress  
  200  11:43  Command Center  
  200  11:44  Command Center  
  200  11:49  Terran Vehicle Weapons Level 2, Terran Vehicle And Ship Armor Level 2  
  194  12:02  Viking x3  
  197  12:25  Starport Reactor  
  195  12:39  Viking  
  195  12:49  Viking x2  
  199  12:54  Liberator  
  193  12:58  Thor  
  189  13:10  Thor x2  
  198  13:13  Liberator, Orbital Command  
  198  13:14  Orbital Command  
  198  13:17  Orbital Command x2  
  186  13:30  Viking  
  191  13:36  Liberator x2  
  187  13:52  Thor  
  187  13:53  Hellion x2  
  197  14:01  Ghost Academy  
  197  14:02  Barracks  
  197  14:03  Barracks  
  197  14:07  Barracks Tech Lab  
  197  14:18  Ghost Academy  
  197  14:19  Ghost Academy x2  
  197  14:20  Ghost Academy  
  197  14:42  Factory Tech Lab  
  186  14:53  Liberator x5  
  125  15:09  Thor x3  
  125  15:11  Hellion x2  
  125  15:12  Hellion x2  
  152  15:27  Barracks Tech Lab  
  152  15:28  Barracks Tech Lab  
  136  15:35  Liberator  
  136  15:36  Liberator x4  
  136  15:37  Advanced Ballistics  
  136  15:41  SCV x6  
  136  15:42  SCV  
  137  15:44  Orbital Command  
  137  15:50  Terran Vehicle And Ship Armor Level 3  
  137  15:51  Terran Ship Weapons Level 1  
  137  15:52  Hellion x2  
  137  15:53  Hellion  
  156  16:13  Missile Turret x3  
  156  16:14  Sensor Tower, Missile Turret x2  
  156  16:15  Missile Turret  
  156  16:17  Refinery  
  156  16:22  Thor  
  156  16:23  Hellion x4  
  170  16:27  Thor  
  170  16:31  Hellion  
  178  16:35  Viking x2  
  182  16:42  Refinery  
  182  16:44  Hellion x2  
  182  16:45  Hellion x2  
  189  16:53  Ghost x2  
  190  16:55  Ghost  
  190  16:56  Hellion  
  195  17:05  Hellion  
  195  17:06  Hellion x2  
  192  17:22  Viking x3  
  196  17:33  Viking  
  183  17:49  Viking  
  180  17:51  Hellion x4  
  173  18:11  Ghost  
  168  18:16  Refinery  
  160  18:28  Enhanced Shockwaves  
  160  18:30  Hellion  
  160  18:31  Hellion x3  
  148  18:49  Hellion  
  148  18:50  Hellion x2  
  148  18:52  Hellion x4  
  155  19:04  SCV x6  
  155  19:05  SCV x3  
  164  19:10  Thor  
  164  19:11  Hellion  
  164  19:16  SCV x2  
  168  19:24  Hellion x4, Missile Turret  
  174  19:25  Missile Turret  
  174  19:27  Refinery  
  174  19:28  Missile Turret  
  174  19:34  Thor  
  180  19:52  Hellion x9, Viking  
  172  19:53  Hellion x4  
  172  20:02  SCV x4  
  172  20:03  SCV x2  
  178  20:08  Thor  
  178  20:10  Hellion x4  
  171  20:39  Hellion x4  
  171  20:40  Hellion  
  171  20:41  Hellion x3, Thor  
  170  20:44  Viking  
  158  20:56  Viking  
  147  20:58  Hellion x2  
  147  21:02  Hellion x4, Refinery  
Tags
 
Add a new tag
Caveats
  • Supply blocks, unpowered buildings, or Contaminate may cause inaccurate times.
  • Supply counts are checked every 10 seconds.